 Dungeon Crawl Stone Soup version 0.29.0-11-gd7f09526c8 (webtiles) character file.

Game seed: 16780830380946029808

57 pacmanke6689 the Trooper (level 3, -1/33 HPs)
             Began as a Draconian Fighter on Sept 3, 2022.
             Slain by a gnoll
             ... wielding a +0 spear
              (7 damage)
             ... on level 2 of the Dungeon.
             The game lasted 00:02:52 (1644 turns).

pacmanke6689 the Trooper (Draconian Fighter)        Turns: 1644, Time: 00:02:54

Health: -1/33      AC:  5    Str: 18    XL:     3   Next: 73%
Magic:  3/3        EV: 12    Int:  8    God:
Gold:   77         SH:  4    Dex: 12    Spells: 2/2 levels left

rFire   . . .      SeeInvis .   a - +0 long sword
rCold   . . .      Faith    .   b - +0 buckler
rNeg    . . .      Spirit   .   (body armour unavailable)
rPois   .          Reflect  .   (helmet restricted)
rElec   .          Harm     .   e - scarf {repulsion}
rCorr   .          Rampage  .   (no gloves)
Will    .....                   (no boots)
Stlth   +.........              (no amulet)
HPRegen 0.11/turn               (no ring)
MPRegen 0.08/turn               (no ring)

@: repel missiles
A: AC +5, unfitting armour, cold-blooded
a: no special abilities


You were on level 2 of the Dungeon.
You visited 1 branch of the dungeon, and saw 2 of its levels.

You collected 77 gold pieces.

Inventory:

Hand Weapons
 a - a +0 long sword (weapon)
Armour
 b - a +0 buckler (worn)
 e - a scarf of repulsion (worn)
Jewellery
 l - an amulet of faith
Wands
 k - a wand of paralysis (11)
Scrolls
 f - a scroll of identify
 j - a scroll of immolation {unknown}
Potions
 c - 2 potions of might
 d - 4 potions of curing
 g - a potion of heal wounds {unknown}
 h - 3 potions of degeneration
 i - a potion of mutation {unknown}


   Skills:
 + Level 3.8 Fighting
 + Level 3.2 Long Blades
 + Level 3.0 Dodging
 + Level 0.2 Stealth
 + Level 3.1 Shields


You had 2 spell levels left.
You didn't know any spells.
Your spell library was empty.

Dungeon Overview and Level Annotations

Branches:
Dungeon (2/15)

Altars:

Shops:
D:1 [


Innate Abilities, Weirdness & Mutations

Your plain brown scales are hard. (AC +5)
You cannot fit into any form of body armour.
You are cold-blooded and may be slowed by cold attacks.


Message History

The endoplasm quivers.
An endoplasm is nearby!
The endoplasm freezes you.
You are frozen.
You feel yourself slow down.
You slash the endoplasm!
You kill the endoplasm!
You feel yourself speed up. 2 gnolls come into view.
There are monsters nearby!
A gnoll comes into view. It is wielding a +0 spear.
The gnoll closely misses you.
You closely miss the gnoll.
The gnoll hits you from afar with a +0 spear.
The gnoll hits you with a +0 whip. The gnoll completely misses you.
The gnoll hits you with a +0 spear.
You barely miss the gnoll. The gnoll hits you with a +0 whip.
The gnoll hits you but does no damage. The gnoll hits you with a +0 spear.
You hit the gnoll.
The gnoll is moderately wounded.
The gnoll hits you with a +0 whip. You block the gnoll's attack.
The gnoll hits you with a +0 spear. The gnoll closely misses you. x2
The gnoll barely misses you.
You hit the gnoll but do no damage.
The gnoll is moderately wounded.
You block the gnoll's attack. x2; The gnoll barely misses you.
You slash the gnoll!
The gnoll is almost dead.
The gnoll hits you with a +0 whip. The gnoll barely misses you.
The gnoll hits you with a +0 spear.
You hit the gnoll.
You kill the gnoll!
You block the gnoll's attack. The gnoll barely misses you.
The gnoll attacks as you move away! The gnoll barely misses you.
You hit the gnoll.
The gnoll is moderately wounded.
The gnoll barely misses you. The gnoll misses you.
The gnoll hits you with a +0 whip.
* * * LOW HITPOINT WARNING * * *
The gnoll hits you from afar with a +0 spear!
You die...

######### #.......#
#....##.###
##########..#.......
#..@gg..............
#.#######.#.##......
# #.#........)
####.#.........
#.)............
#.........#......
#...###.#.#.#####
........>.......###
..... .............


You could see 2 gnolls.

Vanquished Creatures
  A gnoll (D:2)
  A worm (D:2)
  2 dart slugs
  5 ball pythons
  5 endoplasms
  3 giant cockroaches
  5 goblins
  A hobgoblin (D:1)
  2 kobolds
  3 quokkas (D:2)
  3 bats
  7 rats
38 creatures vanquished.

Notes
Turn   | Place    | Note
-------+----------+-------------------------------------------
     0 | D:1      | pacmanke6689 the Draconian Fighter began the quest for the
                  | Orb.
     0 | D:1      | Reached XP level 1. HP: 19/19 MP: 1/1
   128 | D:1      | Found a faded altar of an unknown god.
   397 | D:1      | Reached XP level 2. HP: 15/26 MP: 2/2
   560 | D:1      | Found Xosm's Antique Armour Boutique.
  1067 | D:2      | Reached XP level 3. HP: 14/31 MP: 3/3
  1644 | D:2      | Slain by a gnoll

Illustrated notes

Levels and vault maps discovered:
D:1:      wander_arrival_fairy_ring, layout_basic, serial_shops, shop_statue,
          chequers_ecumenical_altar_island
D:2:      layout_basic

Skill      XL: |  1  2  3 |
---------------+----------+-----
Dodging        | 3 |  3.0
Long Blades    | 3 |  3.2
Fighting       | |  3.8
Stealth        | |  0.2
Shields        | |  3.1

Action                   || total
-------------------------++-------
Melee: Long sword        ||   102
       Tailslap          ||    10
  Use: Scroll            ||     6
Armor: Skin              ||    27
Dodge: Dodged            ||    59
Block: Buckler           ||    22
